 Dungeon Crawl Stone Soup version 0.27-a0-760-gc38aae387d (webtiles) character file.

Game seed: 6090465108269897603

602 polve the Conjurer (level 7, -6/50 HPs)
             Began as a Yellow Draconian Conjurer on Mar 25, 2021.
             Mangled by Pikel
             ... wielding a +1 whip of electrocution
              (17 damage)
             ... on level 4 of the Dungeon.
             The game lasted 00:11:53 (6539 turns).

polve the Conjurer (Yellow Draconian Conjurer)      Turns: 6539, Time: 00:11:53

Health: -6/50      AC: 12    Str:  9    XL:     7   Next: 18%
Magic:  7/13       EV: 12    Int: 20    God:
Gold:   128        SH:  5    Dex: 16    Spells: 1/15 levels left

rFire    . . .     SeeInvis .   f - +2 dagger (venom)
rCold    . . .     Faith    .   (no shield)
rNeg     . . .     Spirit   .   (armour unavailable)
rPois    .         Reflect  +   (helmet restricted)
rElec    .         Harm     .   (no cloak)
rCorr    +         Rampage  .   m - +0 pair of gloves
Will     .....                  b - +0 pair of boots {Fly}
Stlth    ++........             l - amulet of reflection
HPRegen  0.16/turn              a - +6 ring of dexterity
MPRegen  0.13/turn              c - +4 ring of protection

@: flying
A: spit acid, AC +6, unfitting armour, cold-blooded, acid resistance
a: Breathe Acid, Stop Flying


You were on level 4 of the Dungeon.
You visited 1 branch of the dungeon, and saw 5 of its levels.
You also visited: Ossuary.

You collected 128 gold pieces.

Inventory:

Hand Weapons
 f - a +2 dagger of venom (weapon)
Armour
 b - a +0 pair of boots of flying (worn)
 m - a +0 pair of gloves (worn)
Jewellery
 a - a +6 ring of dexterity (right hand)
 c - a +4 ring of protection (left hand)
 l - an amulet of reflection (around neck)
Wands
 k - a wand of paralysis (8)
Scrolls
 d - a scroll of enchant armour {unknown}
 h - 2 scrolls of teleportation {unknown}
 j - 4 scrolls of identify {unknown}
 n - a scroll of vulnerability {unknown}
 o - 2 scrolls of summoning {unknown}
 t - a scroll of enchant weapon {unknown}
 w - a scroll of noise {unknown}
Potions
 e - a potion of berserk rage {unknown}
 g - 2 potions of cancellation {unknown}
 i - a potion of curing {unknown}
 p - a potion of magic {unknown}
 q - 2 potions of brilliance {unknown}
 r - 3 potions of heal wounds {unknown}
 s - a potion of haste {unknown}
 u - a potion of degeneration {unknown}
 v - a potion of might


   Skills:
 - Level 1.7 Dodging
 - Level 1.7 Stealth
 - Level 4.6 Spellcasting
 * Level 6.5 Conjurations
 + Level 2.4 Hexes
 + Level 1.2 Translocations


You had one spell level left.
You knew the following spells:

 Your Spells              Type           Power      Damage    Failure   Level
a - Magic Dart            Conj           100%       1d8       1%          1
b - Searing Ray           Conj           60%        3d5       1%          2
c - Dazzling Flash        Conj/Hex       44%        N/A       6%          3
d - Fulminant Prism       Conj/Hex       11%        3d9       19%         4
e - Iskenderun's Mystic   Conj/Tloc      20%        2d6       24%         4

Your spell library contained the following spells:

 Spells                   Type           Power      Damage    Failure   Level


Dungeon Overview and Level Annotations

Branches:
Dungeon (5/15)            Ossuary (visited)
 Temple: D:4-7

Altars:
Cheibriados
Fedhas
Qazlal

Shops:
D:2 *

Annotations:
D:4 Pikel


Innate Abilities, Weirdness & Mutations

You can spit globs of acid.
Your golden yellow scales are hard. (AC +6)
You cannot fit into any form of body armour.
You are cold-blooded and may be slowed by cold attacks.
You are resistant to acid. (rCorr)


Message History

The searing ray hits the lemure.
The lemure is heavily wounded.
The searing ray hits Pikel.
Pikel is moderately wounded. (Press . to maintain the ray.)
You block the lemure's attack.
The searing ray hits the lemure!
The lemure is almost dead.
The searing ray hits Pikel.
Pikel is heavily wounded.
The lemure hits you but does no damage.
The searing ray hits the lemure but does no damage.
The lemure is almost dead.
The searing ray hits Pikel!
Pikel is severely wounded.
The lemure barely misses you.
The searing ray hits the lemure.
You kill the lemure!
That felt strangely unrewarding.
The searing ray misses Pikel.
You finish channeling your searing ray.
Press: ? - help, Shift-Dir - straight line, f - Pikel
Aim: Pikel, wielding a +1 whip of electrocution and wearing a +2 robe of willpower (severely wounded)
You spit a glob of acid.
The glob of acid misses Pikel.
Pikel hits you with a +1 whip of electrocution.
You closely miss Pikel.
Pikel is severely wounded.
Pikel hits you but does no damage.
You hit Pikel.
Pikel is poisoned.
Pikel is severely wounded.
Pikel hits you with a +1 whip of electrocution!
* * * LOW HITPOINT WARNING * * *
Things that are here:
a +0 whip; a +0 halberd; a gnoll skeleton You have got your breath back.
Pikel looks more healthy.
You hit Pikel but do no damage.
Pikel is poisoned.
You tail-slap Pikel, but do no damage.
Pikel is almost dead.
Pikel hits you but does no damage.
You are electrocuted!
You die...

.......#..........#
.......#..........#
.......#..........#
.......#..........#
###..######(##....#
###..######.##....#
.........#........#
.........#........#
#.##.###.#######@.#
#.##.###.###..##K.#
..............#...#
..............#...#
.....(........#)..#
..............#>).#
..............#...#
#####.##.###..##..#
#.###.##.#######..#


You could see Pikel (very poisoned).

Vanquished Creatures
  An elf zombie (Ossuary)
  4 lemures (D:4)
  2 scorpions
  A human zombie (Ossuary)
  An orc priest (D:3)
  A hound (D:4)
  Ijyb (D:3)
  A worker ant (D:4)
  2 mummies (Ossuary)
  Robin (D:2)
  5 adders
  3 gnolls (D:4)
  6 adder zombies
  A worm (D:2)
  19 dart slugs
  3 orcs
  6 ball pythons
  3 bats (D:2)
  11 endoplasms
  5 giant cockroaches
  13 goblins
  5 hobgoblins
  4 jackals
  3 quokkas
  A ball python zombie (D:1)
  3 frilled lizards
  12 hobgoblin zombies (Ossuary)
  A jackal zombie (Ossuary)
  6 kobolds
  11 kobold zombies (Ossuary)
  5 orc zombies (Ossuary)
  2 rats
  A rat zombie (Ossuary)
144 creatures vanquished.

Notes
Turn   | Place    | Note
-------+----------+-------------------------------------------
     0 | D:1      | polve the Draconian Conjurer began the quest for the Orb.
     0 | D:1      | Reached XP level 1. HP: 14/14 MP: 3/3
   287 | D:1      | Reached XP level 2. HP: 2/20 MP: 0/5
  1539 | D:1      | Reached XP level 3. HP: 19/26 MP: 0/7
  1753 | D:2      | Found Icuteehe's Assorted Antiques.
  1815 | D:2      | Found a blossoming altar of Fedhas.
  2179 | D:2      | Learned a level 2 spell: Searing Ray
  2183 | D:2      | Learned a level 3 spell: Dazzling Flash
  2456 | D:2      | Reached XP level 4. HP: 33/33 MP: 6/8
  2602 | D:2      | Noticed Robin
  2618 | D:2      | Killed Robin
  2660 | D:2      | Reached skill level 5 in Conjurations
  2979 | D:3      | Reached skill level 1 in Hexes
  3336 | D:3      | Reached XP level 5. HP: 37/38 MP: 10/10
  3418 | D:3      | Found a stormy altar of Qazlal.
  3537 | D:3      | Found a faded altar of an unknown god.
  3818 | D:3      | Found a snail-covered altar of Cheibriados.
  3896 | D:3      | Noticed Ijyb
  3901 | D:3      | Paralysed by Ijyb for 5 turns
  3910 | D:3      | Killed Ijyb
  4316 | D:4      | Found a sand-covered staircase.
  4331 | Ossuary  | Entered an ossuary
  5004 | Ossuary  | Reached XP level 6. HP: 34/45 MP: 0/12
  5536 | D:4      | Reached skill level 6 in Conjurations
  5862 | D:4      | Learned a level 4 spell: Fulminant Prism
  5867 | D:4      | Learned a level 4 spell: Iskenderun's Mystic Blast
  6242 | D:4      | Your scales start taking on a golden yellow colour.
  6242 | D:4      | Reached XP level 7. HP: 48/50 MP: 4/13
  6242 | D:4      | Gained mutation: You are resistant to acid. (rCorr) [Yellow
                  | Draconian growth]
  6294 | D:4      | Reached skill level 1 in Translocations
  6375 | D:5      | Entered Level 5 of the Dungeon
  6375 | D:5      | Noticed Pikel
  6539 | D:4      | Mangled by Pikel

Illustrated notes

Levels and vault maps discovered:
D:1:      saegor_arrival_fortress, layout_loops_ring
D:2:      minmay_evil_eye, layout_rooms, fedhas_altar_2, serial_shops, shop,
          uniq_robin
D:3:      kennysheep_slugbush, layout_basic, lemuel_doored_altar,
          chequers_ecumenical_altar_twisty, kennysheep_slug_shrine, uniq_ijyb
D:4:      layout_gridville, nicolae_ossuary_entry_monument
D:5:      layout_cave_pods, minitemple, serial_column_ruins, column_ruins_hut,
          column_ruins_open_tiny, column_ruins_grid_3, column_ruins_open_tiny,
          column_ruins_open_tiny, column_ruins_grid_1, column_ruins_open_small,
          minmay_joined_circles, uniq_pikel

Skill      XL: |  1  2  3  4  5  6  7 |
---------------+----------------------+-----
Spellcasting   | 3 4 |  4.6
Conjurations   | 5 6 |  6.5
Hexes          | 1 2 |  2.4
Translocations | 1 |  1.2
Dodging        | |  1.7
Stealth        | |  1.7

Action                   |  1- 3 |  4- 6 |  7- 9 || total
-------------------------+-------+-------+-------++-------
Melee: Unarmed           |    33 |       |       ||    33
       Tailslap          |     7 |    20 |     6 ||    33
       Club              |    18 |       |       ||    18
       Rapier            |     7 |    13 |       ||    20
       Dagger            |       |   158 |    38 ||   196
 Cast: Magic Dart        |    90 |   150 |     3 ||   243
       Searing Ray       |       |    10 |     2 ||    12
 Abil: Breathe Acid      |       |       |     3 ||     3
 Stab: Sleeping          |       |     2 |       ||     2
       Distracted        |       |     1 |       ||     1
Armor: Skin              |    19 |    74 |    25 ||   118
Dodge: Dodged            |    58 |   122 |    19 ||   199
Block: Other             |       |    38 |    13 ||    51
       Reflection        |       |     1 |       ||     1

Table legend: (Time is in decaauts)
 A = Elapsed time spent in this place.
 B = Non-inter-level travel time spent in this place.
 C = Inter-level travel time spent in this place.
 D = Time resting spent in this place.
 E = Time spent auto-exploring this place.
 F = Levels seen in this place.
 G = Mean time per level.
                   A        B        C        D        E       F      G
               +--------+--------+--------+--------+--------+-----+--------+
         Total |   6554 |   6433 |    121 |      0 |   5325 |   6 | 1092.3 |
       Dungeon |   5355 |   5234 |    121 |      0 |   4524 |   5 | 1071.0 |
       Ossuary |   1198 |   1198 |      0 |      0 |    801 |   1 | 1198.0 |
               +--------+--------+--------+--------+--------+-----+--------+

Top non-repeatable levels by time:
     D:1: 1759 daAuts
     D:2: 1289 daAuts
     D:3: 1256 daAuts
 Ossuary: 1198 daAuts
     D:4: 1040 daAuts
     D:5: 9 daAuts
